 Dungeon Crawl Stone Soup version 0.29.1-2-gbd0b4ee654 (webtiles) character file.

Game seed: 12032309394089291768

15 hawla the Grave Robber (level 2, 0/11 HPs)
             Began as a Felid Necromancer on Nov 22, 2022.
             Frozen to death by an endoplasm (3 damage)
             ... on level 1 of the Dungeon.
             The game lasted 00:01:16 (542 turns).

hawla the Grave Robber (Felid Necromancer)           Turns: 542, Time: 00:01:16

Health: 0/11       AC:  1    Str:  4    XL:     2   Next: 34%
Magic:  4/6        EV: 17    Int: 16    God:
Gold:   17         SH:  0    Dex: 16    Spells: 4/5 levels left
                                        Lives:  0   Deaths: 0

rFire   . . .      SeeInvis +   (weapon unavailable)
rCold   . . .      Faith    .   (shield unavailable)
rNeg    . . .      Spirit   .   (body armour unavailable)
rPois   .          Reflect  .   (helmet unavailable)
rElec   .          Harm     .   (cloak unavailable)
rCorr   .          Rampage  .   (gloves unavailable)
Will    .....                   (boots unavailable)
Stlth   ++........              (no amulet)
HPRegen 0.03/turn               (no ring)
MPRegen 0.10/turn               (no ring)

@: quick
A: very small, claws 1, fangs 3, see invisible, speed 1, shaggy fur 1, stealthy
paws, no weapons or thrown items, no armour, multi-lived
a: no special abilities


You were on level 1 of the Dungeon.
You visited 1 branch of the dungeon, and saw 1 of its levels.

You collected 17 gold pieces.

Inventory:

Potions
 a - a potion of magic
 b - a potion of heal wounds {unknown}


   Skills:
 + Level 2.7 Dodging
 + Level 2.7 Stealth
 + Level 2.2 Spellcasting
 + Level 4.5 Necromancy


You had 4 spell levels left.
You knew the following spells:

 Your Spells              Type           Power      Damage    Failure   Level
a - Necrotise             Necr           64%        1d7       3%          1

Your spell library contained the following spells:

 Spells                   Type           Power      Damage    Failure   Level
 Vampiric Draining        Necr           16%        2d7       10%         3
 Animate Dead             Necr           16%        N/A       32%         4
 Agony                    Necr           16%        N/A       65%         5


Dungeon Overview and Level Annotations

Branches:
Dungeon (1/15)

Altars:


Innate Abilities, Weirdness & Mutations

You have sharp claws.
You have razor-sharp teeth.
You have supernaturally acute eyesight. (SInv)
You cover ground quickly. (Speed+)
You are covered in fur. (AC +1)
Your paws help you pounce on unaware monsters.
You are incapable of wielding weapons or throwing items.
You cannot wear armour.
You gain extra lives every three experience levels.


Message History

Your hobgoblin skeleton hits the rat.
The rat dies!
Your hobgoblin skeleton crumbles into dust!
Your ball python skeleton crumbles into dust!
An endoplasm comes into view.
Found a stone staircase leading down.
A ball python comes into view.
A hobgoblin comes into view.
Found 7 gold pieces.
The hobgoblin shouts!
A rat comes into view.
Found a smoky silvery potion.
The hobgoblin hits you.
Casting: Necrotise (safe; 3% risk of failure)
Confirm with . or Enter, or press ? or * to list all spells.
Aiming: Necrotise (safe; 3% risk of failure)
Press: ? - help, Shift-Dir - straight line, f - hobgoblin
Aim: a hobgoblin (chance to affect: 86%)
The hobgoblin writhes in agony!
You kill the hobgoblin!
The dead are walking!
Unknown command.
You scratch the endoplasm but do no damage.
The endoplasm freezes you.
You are frozen.
You scratch the endoplasm.
The endoplasm is heavily wounded.
The endoplasm hits you.
* * * LOW HITPOINT WARNING * * *
Casting: Necrotise (safe; 3% risk of failure)
Confirm with . or Enter, or press ? or * to list all spells.
Aiming: Necrotise (safe; 3% risk of failure)
Press: ? - help, Shift-Dir - straight line, f - rat
Aim: a rat (chance to affect: 86%)
The rat writhes in agony.
You kill the rat!
The dead are walking!
Your hobgoblin skeleton hits the endoplasm.
The endoplasm freezes you.
You are frozen.
You die...

#####+#'####
#...........
#...........
#...........
#........... ######
#...........
......#+#########.......
#.........# #.......
##..J@Z....# #.......
#....Z.......####.......
###..........+..........
#..........###........
#...............[.....
#.#.#S.##....###......
#.#.#.#.#.#.#.#....... .
.$..!...............
.#.#.#.#.#.#.#.......


You could see an endoplasm (ally target), a ball python, a friendly rat skeleton
and a friendly hobgoblin skeleton.

Vanquished Creatures
  3 ball pythons (D:1)
  3 bats (D:1)
  2 hobgoblins (D:1)
  2 kobolds (D:1)
  A frilled lizard (D:1)
  3 rats (D:1)
14 creatures vanquished.

Vanquished Creatures (collateral kills)
  2 rats (D:1)
2 creatures vanquished.

Grand Total: 16 creatures vanquished

Notes
Turn   | Place    | Note
-------+----------+-------------------------------------------
     0 | D:1      | hawla the Felid Necromancer began the quest for the Orb.
     0 | D:1      | Reached XP level 1. HP: 7/7 MP: 4/4
     7 | D:1      | Noticed a rime drake
     7 | D:1      | Noticed a killer bee
     7 | D:1      | Noticed a komodo dragon
     8 | D:1      | Noticed a lindwurm
     8 | D:1      | Noticed a black bear
   305 | D:1      | Reached XP level 2. HP: 11/11 MP: 4/6
   542 | D:1      | Frozen to death by an endoplasm

Illustrated notes

Levels and vault maps discovered:
D:1:      onia_arrival_zoo_common, layout_basic,
          dreamdust_ecumenical_altar_angels_and_demons, st_stairs_11

Action                   || total
-------------------------++-------
Melee: Unarmed           ||    10
       Bite              ||     1
 Cast: Necrotise         ||    23
Armor: Skin              ||     4
Dodge: Dodged            ||    21
